 Dungeon Crawl Stone Soup version 0.22.0-40-g68aacdc4c8 (webtiles) character file.

9252 Peloso the Carver (level 11, 0/95 HPs)
             Began as a Minotaur Fighter on Sept 2, 2018.
             Was a High Priest of Okawaru.
             Slain by a tengu reaver
             ... wielding a +1 war axe of chopping
              (1 damage)
             ... on level 12 of the Dungeon.
             The game lasted 00:20:51 (7499 turns).

Peloso the Carver (Minotaur Fighter)                Turns: 7499, Time: 00:20:51

Health: 0/95       AC: 19    Str: 27    XL:     11   Next: 20%
Magic:  10/10      EV:  8    Int:  5    God:    Okawaru [*****.]
Gold:   517        SH: 13    Dex: 12    Spells: 10/10 levels left

rFire    + . .     SeeInvis .   a - +1 long sword
rCold    + . .     Gourm    .   c - +0 shield
rNeg     . . .     Faith    +   b - +2 plate armour {rPois}
rPois    +         Spirit   .   (helmet restricted)
rElec    .         Reflect  .   q - scarf {rC+ rF+}
rCorr    .         Harm     .   t - +0 pair of gloves
MR       .....                  k - +0 pair of boots
Stlth    ..........             I - amulet of faith
HPRegen  0.25/turn              w - ring of wizardry
MPRegen  0.12/turn              (no ring)

@: mighty, very slightly contaminated
A: retaliatory headbutt, horns 2
a: Heroism, Finesse, Renounce Religion


You were on level 12 of the Dungeon.
You worshipped Okawaru.
Okawaru was extremely pleased with you.
You were hungry.

You visited 1 branch of the dungeon, and saw 12 of its levels.

You collected 517 gold pieces.

Inventory:

Hand Weapons
 a - a +1 long sword (weapon)
 x - a +1 whip of flaming
Armour
 b - a +2 plate armour of poison resistance (worn)
 c - a +0 shield (worn)
 k - a +0 pair of boots (worn)
 q - a scarf of resistance (worn)
 t - a +0 pair of gloves (worn)
 M - a +2 cloak
Jewellery
 i - an uncursed ring of fire
 w - a ring of wizardry (left hand)
 I - an amulet of faith (around neck)
Wands
 y - a wand of scattershot (6)
 B - a wand of acid (7)
 F - a wand of flame (29)
 H - a wand of iceblast (2)
Scrolls
 g - 3 scrolls of teleportation
 h - 2 scrolls of identify
 m - 3 scrolls of fear
 p - 3 scrolls of amnesia
 v - 3 scrolls of remove curse
 A - 2 scrolls of enchant armour {unknown}
 C - a scroll of summoning {unknown}
 D - 2 scrolls of silence {unknown}
 G - a scroll of random uselessness {unknown}
 J - a scroll of vulnerability {unknown}
Potions
 d - a potion of might
 e - 3 potions of magic
 j - 3 potions of haste
 l - 6 potions of curing
 n - 2 potions of agility
 o - 5 potions of heal wounds
 u - a potion of brilliance
 E - a potion of cancellation
Miscellaneous
 K - a phantom mirror
Comestibles
 f - 26 rations
 L - 3 chunks of flesh


   Skills:
 + Level 8.4 Fighting
 + Level 13.0 Long Blades
 + Level 9.9 Armour
 + Level 3.4 Dodging
 + Level 0.8 Stealth
 + Level 10.7 Shields
 + Level 0.5 Invocations
 + Level 0.5 Evocations


You had 10 spell levels left.
You didn't know any spells.
Your spell library contained the following spells:

 Spells                   Type           Power        Failure   Level  Hunger
 Flame Tongue             Conj/Fire      #....        95%         1    ##.....
 Sandblast                Erth           #.....       95%         1    ##.....
 Shock                    Conj/Air       #...         95%         1    ##.....
 Passwall                 Tmut/Erth      #.......     99%         2    ###....
 Swiftness                Chrm/Air       #.......     99%         2    ###....
 Throw Flame              Conj/Fire      #.....       99%         2    ###....
 Conjure Flame            Conj/Fire      #.......     100%        3    ####...
 Inner Flame              Hex/Fire       #.......     100%        3    ####...
 Static Discharge         Conj/Air       #.......     100%        3    ####...
 Stone Arrow              Conj/Erth      #.....       100%        3    ####...
 Airstrike                Air            #.........   100%        4    #####..
 Petrify                  Tmut/Erth      #.......     100%        4    #####..
 Sticky Flame             Conj/Fire      #.......     100%        4    #####..
 Fireball                 Conj/Fire      #.........   100%        5    ######.
 Lee's Rapid Deconstruct  Erth           #.........   100%        5    ######.
 Lightning Bolt           Conj/Air       #.........   100%        5    ######.


Dungeon Overview and Level Annotations

Branches:
Dungeon (13/15)            Temple (0/1) D:7
   Lair: D:8-11         Orc: D:9-12      Vaults: D:13-14

Altars:
Ashenzari
Dithmenos
Makhleb
Okawaru
Qazlal
Ru
Trog
Uskayaw
Wu Jian

Shops:
D:4 [   D:5 [

Portals:
Labyrinth: D:12


Innate Abilities, Weirdness & Mutations

You reflexively headbutt those who attack you in melee.
You have a pair of horns on your head.


Message History

You block the tengu reaver's attack.
The tengu reaver claws you but does no damage.
You barely miss the tengu reaver. Your headbutt misses the tengu reaver.
The tengu reaver is severely wounded.
The worker ant bites you but does no damage.
Unknown command.
You slash the tengu reaver! Your headbutt misses the tengu reaver.
The tengu reaver is severely wounded.
The tengu reaver casts a spell at you. The bolt of acid hits you!
* * * LOW HITPOINT WARNING * * *
You are splashed with acid!
The acid burns!
* * * LOW HITPOINT WARNING * * *
You block the worker ant's attack.
You hit the tengu reaver but do no damage.
The tengu reaver is severely wounded.
You are feeling hungry.
The tengu reaver hits you with a war axe of chopping.
* * * LOW HITPOINT WARNING * * *
You die...

,,,,,,**.....,#........******,,,,
,,,,,,**......#........* *,,,,
,,,,,,**......#........*** *,,,,
+*+*,,,,......$........*,* *,,,,
,,,*,,,,.!......##,,,,,*,********
,***,,,,........S#******,*,******
,,,,,,,,...#####.## **,*,*,,,,,
,***,***.*,** ###a# *,*,*,*,,,,
,***,***,*,,* #.@##** *,*,***,,,,
,,,,,,**,**,**###Q*.# *,*,* *,,,,
,,,,,,**,**,*,,,y####**,*** *,,,,
,,,,,,,*,**,*****,,,,,*,* *****
*,,,,,,+,,,,,,,************** *
*,,,,,,*,,,,,*,** *,*,,,,,*****
,,,,,,,*******,,* ***,******,,,,*
**,,,,,*,,,,,,,,* *,*,* *,,,*****
**,,,,,*,*****,,***,*,******,,**,


You could see a tengu reaver, a worker ant and a battlesphere.

Vanquished Creatures
  3 two-headed ogres (D:9)
  Pikel (D:6)
  An ugly thing (D:9)
  A hornet (D:8)
  2 hippogriffs
  9 yaks
  2 wyverns
  A hungry ghost (D:9)
  2 water moccasins
  2 orc warriors
  A phantom (D:7)
  3 ice beasts
  2 sky beasts
  A black bear (D:4)
  A necrophage (D:7)
  4 ogres
  2 centaurs (D:7)
  3 big kobolds
  6 bullfrogs
  A water moccasin zombie (D:7)
  2 scorpions
  A water moccasin skeleton (D:2)
  5 crimson imps
  2 centaur zombies
  6 hounds
  2 jellies (D:7)
  7 orc wizards
  3 orc priests
  3 bullfrog skeletons
  3 centaur skeletons
  Natasha (thrice) (D:3)
  A gnoll shaman (D:8)
  Terence (D:2)
  2 iguanas
  8 worker ants
  A worker ant zombie (D:7)
  5 gnolls (D:8)
  7 adders
  5 shadow imps
  An ooze (D:2)
  An adder zombie (D:8)
  2 adder skeletons
  4 leopard geckos
  13 orcs
  A ball python (D:3)
  5 bats
  5 giant cockroaches
  6 hobgoblins
  3 jackals (D:7)
  2 quokkas (D:4)
  3 frilled lizards
  6 goblins
  9 kobolds
  3 rats
179 creatures vanquished.

Vanquished Creatures (others)
  A sky beast (D:6)
  A slave (D:6)
  A centaur (D:6)
  2 scorpions (D:6)
  A hound zombie (D:6)
6 creatures vanquished.

Grand Total: 185 creatures vanquished

Notes
Turn   | Place    | Note
-------+----------+-------------------------------------------
     0 | D:1      | Peloso the Minotaur Fighter began the quest for the Orb.
     0 | D:1      | Reached XP level 1. HP: 19/19 MP: 0/0
   405 | D:1      | Reached XP level 2. HP: 27/27 MP: 1/1
   632 | D:2      | Reached skill level 3 in Long Blades
   662 | D:2      | Reached XP level 3. HP: 21/33 MP: 2/2
   662 | D:2      | Reached XP level 4. HP: 26/40 MP: 3/3
   676 | D:2      | Reached skill level 4 in Long Blades
   903 | D:2      | Noticed Terence
   910 | D:2      | Killed Terence
   933 | D:2      | Reached XP level 5. HP: 4/46 MP: 4/4
   939 | D:2      | HP: 1/46 [orc wizard/dagger (2)]
   940 | D:2      | Reached skill level 5 in Long Blades
   940 | D:2      | Reached skill level 5 in Shields
  1487 | D:2      | Found an iron altar of Okawaru.
  1492 | D:2      | Found a shattered altar of Ashenzari.
  1499 | D:2      | Found an ornate altar of the Wu Jian Council.
  1513 | D:2      | Became a worshipper of Warmaster Okawaru
  1535 | D:2      | Found a sacrificial altar of Ru.
  1746 | D:3      | Noticed Natasha
  1755 | D:3      | Killed Natasha
  1755 | D:3      | Reached skill level 1 in Dodging
  1755 | D:3      | Reached XP level 6. HP: 39/52 MP: 5/5
  1993 | D:3      | Noticed Natasha
  1996 | D:3      | Killed Natasha
  2064 | D:3      | Noticed Natasha
  2072 | D:3      | Killed Natasha
  2617 | D:4      | Found Yllei's Antique Armour Shoppe.
  2745 | D:4      | You fall through a shaft!
  2745 | D:5      | Entered Level 5 of the Dungeon
  2750 | D:5      | Reached skill level 5 in Armour
  2750 | D:5      | Reached XP level 7. HP: 34/60 MP: 6/6
  2753 | D:5      | Reached * piety under Okawaru
  2753 | D:5      | Reached skill level 6 in Long Blades
  3170 | D:5      | Found a bloodstained altar of Trog.
  3234 | D:5      | Found Fonkeytz's Antique Armour Boutique.
  3819 | D:6      | Reached skill level 7 in Long Blades
  3905 | D:5      | Reached skill level 5 in Fighting
  4247 | D:6      | Noticed Pikel
  4261 | D:6      | Killed Pikel
  4261 | D:6      | Reached ** piety under Okawaru
  4261 | D:6      | Reached skill level 8 in Long Blades
  4261 | D:6      | Reached XP level 8. HP: 44/69 MP: 7/7
  4338 | D:6      | Found a burning altar of Makhleb.
  4548 | D:6      | Found a hide-covered altar of Uskayaw.
  4843 | D:7      | Reached *** piety under Okawaru
  4843 | D:7      | Reached skill level 9 in Long Blades
  4849 | D:7      | Reached XP level 9. HP: 67/75 MP: 8/8
  4965 | D:7      | Reached skill level 10 in Long Blades
  5059 | D:7      | Reached **** piety under Okawaru
  5313 | D:7      | Found a staircase to the Ecumenical Temple.
  5758 | D:7      | Reached skill level 11 in Long Blades
  5758 | D:7      | Reached XP level 10. HP: 86/86 MP: 9/9
  6078 | D:8      | Found an iron altar of Okawaru.
  6347 | D:8      | Found a stormy altar of Qazlal.
  6348 | D:8      | Found a shadowy altar of Dithmenos.
  6432 | D:9      | Noticed a purple ugly thing
  6449 | D:9      | Killed a purple ugly thing
  6449 | D:9      | Reached ***** piety under Okawaru
  6483 | D:9      | Received a gift from Okawaru
  6483 | D:9      | Reached skill level 10 in Shields
  6485 | D:9      | Reached skill level 12 in Long Blades
  6819 | D:9      | Noticed a two-headed ogre
  6825 | D:9      | Killed a two-headed ogre
  6878 | D:9      | Noticed a two-headed ogre
  6890 | D:9      | Killed a two-headed ogre
  6890 | D:9      | Reached XP level 11. HP: 83/94 MP: 10/10
  6891 | D:9      | Noticed a two-headed ogre
  6908 | D:9      | Killed a two-headed ogre
  7312 | D:10     | Entered Level 10 of the Dungeon
  7372 | D:10     | Reached skill level 13 in Long Blades
  7413 | D:10     | You fall through a shaft for 3 floors!
  7461 | D:12     | Noticed a two-headed ogre
  7463 | D:12     | Found a labyrinth entrance.
  7463 | D:12     | Noticed a seven-headed hydra
  7485 | D:12     | Noticed a tengu reaver
  7499 | D:12     | HP: 1/95 [tengu reaver/war axe of chopping (6)]
  7499 | D:12     | Slain by a tengu reaver

Skill      XL: |  1  2  3  4  5  6  7  8  9 10 11 |
---------------+----------------------------------+-----
Long Blades    | 3 4 5 8 9 11 12 13 | 13.0
Shields        | 4 5 6 8 9 10 | 10.7
Fighting       | 4 5 6 7 8 |  8.4
Armour         | 4 5 6 7 9 |  9.9
Dodging        | 1 2 3 |  3.4
Stealth        | |  0.8
Invocations    | |  0.5
Evocations     | |  0.5

Action                   |  1- 3 |  4- 6 |  7- 9 | 10-12 || total
-------------------------+-------+-------+-------+-------++-------
Melee: Long sword        |    45 |    98 |   340 |   251 ||   734
       Headbutt          |     7 |    22 |    80 |    67 ||   176
Invok: Heroism           |       |       |     2 |     2 ||     4
Evoke: Wand              |       |       |       |     5 ||     5
  Use: Potion            |       |     1 |       |     2 ||     3
       Scroll            |       |     5 |     1 |    11 ||    17
  Eat: Chunk             |       |     5 |    11 |     6 ||    22
Armor: Scale mail        |    25 |    26 |       |       ||    51
       Chain mail        |       |     8 |       |       ||     8
       Plate armour      |       |     1 |   142 |   133 ||   276
Dodge: Dodged            |    21 |    21 |    73 |    60 ||   175
Block: Shield            |    33 |    60 |   194 |   150 ||   437
       Rpst.: Long sword |     2 |     4 |    27 |    16 ||    49
